Chinese Maphackers

Match 37456755
End
Construct Barracks
Riflemen Squad
Riflemen Squad
Grenade Package
Riflemen Squad
Selects Advanced Infantry Battlegroup
Selects Advanced Infantry Battlegroup
Selects Advanced Infantry Battlegroup
Selects Advanced Infantry Battlegroup
Infantry Support Center
Riflemen Squad
Selects Convert to Ranger Squad
Selects Convert to Ranger Squad
Selects Frontline Medical Station
Frontline Medical Station
M1918 Browning Automatic Rifles
Advanced Logistics
Munitions Surplus
Demolitions Package
Selects Infantry Assault
Survival Training
Riflemen Squad
Riflemen Squad
Engineer Squad
Engineer Squad
Selects Ammunition Storage
Selects M2A1 105mm Howitzer Emplacement
Selects Ranger Weapon Training
Selects Infantry Assault
Selects Ammunition Storage
Infantry Assault
Construct Tank Depot
Selects M2A1 105mm Howitzer Emplacement
Selects 155mm Rapid Artillery Barrage
Infantry Assault
M18 Hellcat Tank Destroyer
M18 Hellcat Tank Destroyer
155mm Rapid Artillery Barrage
Riflemen Squad
Infantry Assault
Riflemen Squad
Frontline Medical Station
M18 Hellcat Tank Destroyer
M18 Hellcat Tank Destroyer
Infantry Assault
Riflemen Squad
155mm Rapid Artillery Barrage
Riflemen Squad
Riflemen Squad
Infantry Assault
M4(105) Sherman Bulldozer
Riflemen Squad
Engineer Squad
M18 Hellcat Tank Destroyer
Infantry Assault
M18 Hellcat Tank Destroyer
M18 Hellcat Tank Destroyer
M18 Hellcat Tank Destroyer
皮皮
JT
孤冰月
四仰八叉的猫
김수빈
iExploze
MoriMusic
kya100789
0
0

Comments sign in to comment!

MoriMusic [U] 6 months ago

皮皮 and 四仰八叉的猫 are suspected maphackers. At 11:50, purple and pink both send blob directly at unrevealed camouflaged units near mid VP.